 Dungeon Crawl Stone Soup version 0.31-a0-214-gb37851dbb3 (webtiles) character file.

Game seed: 7043107382385850601

377 Armakuni the Cudgeller (level 7, 0/50 HPs)
             Began as a Human Warper on July 1, 2023.
             Succumbed to a water moccasin's poison
             ... on level 4 of the Dungeon.
             The game lasted 00:10:36 (2818 turns).

Armakuni the Cudgeller (Human Warper)               Turns: 2818, Time: 00:10:36

Health: 0/50       AC:  8    Str: 13    XL:     7   Next: 4%
Magic:  7/10       EV: 10    Int: 14    God:
Gold:   291        SH:  0    Dex: 27    Spells: 5/10 levels left

rFire   . . .        a - +0 mace
rCold   . . .        (no shield)
rNeg    . . .        m - +0 scale mail "Haryr" {Dex+9}
rPois   .            (no helmet)
rElec   .            l - +0 cloak
rCorr   .            (no gloves)
SInv    .            k - +0 pair of boots
Will    +....        G - amulet of guardian spirit
Stlth   +            W - ring of willpower
HPRegen 0.28/turn    D - +6 ring of dexterity
MPRegen 0.12/turn

%: guardian spirit
@: lethally poisoned (0 -> -13)
A: no striking features
a: no special abilities


You were on level 4 of the Dungeon.
You visited 1 branch of the dungeon, and saw 4 of its levels.

You collected 291 gold pieces.

Inventory:

Hand Weapons
 a - a +0 mace (weapon)
Missiles
 f - 17 poisoned darts
Armour
 k - a +0 pair of boots (worn)
 l - a +0 cloak (worn)
 m - the +0 scale mail "Haryr" (worn) {Dex+9}
   (You found it on level 3 of the Dungeon)

   Dex:       It affects your dexterity (+9).
Jewellery
 D - a +6 ring of dexterity (right hand)
 G - an amulet of guardian spirit (around neck)
 L - a ring of flight
 W - a ring of willpower (left hand)
Scrolls
 c - a scroll of blinking
 g - 2 scrolls of poison
 i - 2 scrolls of identify
 j - 2 scrolls of noise
Potions
 b - a potion of enlightenment
 e - 2 potions of ambrosia


   Skills:
 - Level 2.0 Fighting
 + Level 6.3 Maces & Flails
 - Level 3.0 Throwing
 - Level 1.0 Armour
 - Level 2.0 Dodging
 - Level 2.0 Spellcasting
 - Level 3.0 Translocations


You had 5 spell levels left.
You knew the following spells:

 Your Spells              Type           Power      Damage    Failure   Level
b - Blink                 Tloc           18%        N/A       45%         2
c - Vhi's Electric Charg  Tloc/Air       10%        N/A       88%         3

Your spell library contained the following spells:

 Spells                   Type           Power      Damage    Failure   Level
 Lesser Beckoning         Tloc           18%        N/A       45%         2
 Teleport Other           Tloc           9%         N/A       69%         3
 Freeze                   Ice            4%         1d3       75%         1
 Manifold Assault         Tloc           9%         N/A       97%         4
 Frozen Ramparts          Ice            2%         1d1       98%         3
 Hailstorm                Conj/Ice       1%         3d3       98%         3


Dungeon Overview and Level Annotations

Branches:
Dungeon (4/15)
 Temple: D:4-7

Altars:
Gozag


Message History

You feel stable enough to blink again. The water moccasin misses you.
The water moccasin bites you.
You are poisoned.
The water moccasin poisons you!
You miss the water moccasin.
The water moccasin is lightly wounded.
You feel very sick. The water moccasin misses you.
The water moccasin bites you but does no damage.
You hit the water moccasin but do no damage.
The water moccasin is lightly wounded.
You feel sick. The water moccasin bites you.
* * * LOW HITPOINT WARNING * * *
You hit the water moccasin.
The water moccasin is moderately wounded.
You feel sick.
The water moccasin bites you but does no damage.
You hit the water moccasin.
The water moccasin is moderately wounded.
You feel sick. The water moccasin closely misses you.
The water moccasin barely misses you.
You hit the water moccasin.
The water moccasin is heavily wounded.
You feel sick. The water moccasin closely misses you.
You closely miss the water moccasin.
The water moccasin is heavily wounded.
You feel sick. The water moccasin bites you.
* * * LOW HITPOINT WARNING * * *
The water moccasin bites you.
You are lethally poisoned!
The water moccasin poisons you!
You barely miss the water moccasin.
The water moccasin is heavily wounded.
* * * LOW HITPOINT WARNING * * *
You feel very sick.
The water moccasin bites you but does no damage.
The water moccasin barely misses you.
You closely miss the water moccasin.
The water moccasin is heavily wounded.
You die...

..#.#####.....##..#........#
.........................#.#
.........###..##..#.######.##
.........+. ..##..#...........#
.##......#. .>.#..#........##.#
.##.###...# #..#.#########.#
.##.# #.# #...........##.#
.##.###.#<######..#.######.##.#
................@.....# #.##.#
###.###.........S.#.#.# #.##.#
..........##.#......#.####.##.###
#.#.###.#.##....................#
#.#.###...........#.#.####......#
#...........................#.###
###.###.#.....((...(#.#####.#.#
...........###..............#.#
###.###.##.######......###..#.#


You could see a water moccasin.

Vanquished Creatures
  Grinder (D:3)
  An iguana (D:4)
  Natasha (thrice) (D:2)
  2 adders (D:4)
  An ufetubus (D:4)
  4 dart slugs
  An orc (D:4)
  7 bats
  6 endoplasms
  A giant cockroach (D:2)
  6 goblins
  8 hobgoblins
  3 quokkas
  7 ball pythons
  7 frilled lizards
  2 kobolds
  3 rats
63 creatures vanquished.

Notes
Turn   | Place    | Note
-------+----------+-------------------------------------------
     0 | D:1      | Armakuni the Human Warper began the quest for the Orb.
     0 | D:1      | Reached XP level 1. HP: 16/16 MP: 3/3
   113 | D:1      | Reached XP level 2. HP: 22/22 MP: 5/5
   213 | D:1      | Reached skill level 3 in Maces & Flails
   255 | D:1      | Learned a level 2 spell: Blink
   278 | D:1      | Reached XP level 3. HP: 27/27 MP: 6/6
  1041 | D:2      | Noticed Natasha
  1049 | D:2      | Killed Natasha
  1050 | D:2      | Reached XP level 4. HP: 23/33 MP: 5/7
  1055 | D:2      | Learned a level 3 spell: Vhi's Electric Charge
  1065 | D:2      | Noticed Natasha
  1076 | D:2      | Killed Natasha
  1077 | D:2      | Reached skill level 4 in Maces & Flails
  1350 | D:2      | Noticed Natasha
  1362 | D:2      | Killed Natasha
  1363 | D:2      | Reached XP level 5. HP: 26/38 MP: 5/8
  1439 | D:3      | Noticed Grinder
  1788 | D:4      | Found an opulent altar of Gozag.
  2083 | D:3      | Identified the +0 scale mail "Haryr" {Dex+9}
  2292 | D:3      | Killed Grinder
  2293 | D:3      | Reached skill level 6 in Maces & Flails
  2293 | D:3      | Reached XP level 6. HP: 43/44 MP: 9/9
  2293 | D:3      | Reached XP level 7. HP: 49/50 MP: 10/10
  2764 | D:4      | Noticed a water moccasin
  2818 | D:4      | Succumbed to a water moccasin's poison

Illustrated notes

Levels and vault maps discovered:
D:1:      amcnicky_arrival_underground_garden, layout_loops_ring
D:2:      layout_rooms, serial_corexii_hall, corexii_hall_statues_l,
          chequers_hall_statues_wall_a, hangedman_decor_push, uniq_natasha
D:3:      layout_loops_ring, minmay_tree_intersection, minmay_statues_item,
          minmay_circle_x, uniq_grinder
D:4:      layout_basic, amcnicky_altar_gilded

Skill      XL: |  1  2  3  4  5 |
---------------+----------------+-----
Maces & Flails | 3 4 6 |  6.3
Throwing       | 2 3 |  3.0
Fighting       | |  2.0
Armour         | |  1.0
Dodging        | |  2.0
Spellcasting   | |  2.0
Translocations | |  3.0

Action                     |  1- 3 |  4- 6 |  7- 9 || total
---------------------------+-------+-------+-------++-------
  Melee: Mace              |    94 |   109 |    25 ||   228
         Punch             |     1 |     1 |       ||     2
  Throw: Dart              |     5 |    14 |     5 ||    24
         Boomerang         |       |       |     7 ||     7
   Cast: Blink             |       |       |     2 ||     2
    Use: Scroll            |     3 |     1 |     1 ||     5
         Potion            |       |     2 |     1 ||     3
   Stab: Distracted        |       |     1 |       ||     1
 Armour: Leather armour    |    24 |       |       ||    24
         Ring mail         |       |    61 |       ||    61
         Scale mail        |       |    16 |    17 ||    33
  Dodge: Dodged            |    68 |    73 |    23 ||   164

Table legend: (Time is in decaauts)
 A = Elapsed time spent in this place.
 B = Non-inter-level travel time spent in this place.
 C = Inter-level travel time spent in this place.
 D = Time resting spent in this place.
 E = Time spent auto-exploring this place.
 F = Levels seen in this place.
 G = Mean time per level.
                   A        B        C        D        E       F      G
               +--------+--------+--------+--------+--------+-----+--------+
         Total |   2871 |   2791 |     80 |     74 |   1959 |   4 |  717.8 |
       Dungeon |   2871 |   2791 |     80 |     74 |   1959 |   4 |  717.8 |
               +--------+--------+--------+--------+--------+-----+--------+

Top non-repeatable levels by time:
     D:3: 769 daAuts
     D:2: 744 daAuts
     D:1: 737 daAuts
     D:4: 619 daAuts
